 Dungeon Crawl Stone Soup version 0.29-a0-320-g9f8742066b (webtiles) character file.

Game seed: 1885997447649512029

23671 experimilk the Cleaver (level 12, -1/107 HPs)
             Began as a Palentonga Berserker on Apr 2, 2022.
             Was a Priest of Trog.
             Slain by an eight-headed hydra (11 damage)
             ... on level 3 of the Lair of Beasts.
             The game lasted 00:56:13 (18174 turns).

experimilk the Cleaver (Palentonga Berserker)      Turns: 18174, Time: 00:56:13

Health: -1/107     AC: 28    Str: 26    XL:     12   Next: 73%
Magic:  12/12      EV:  5    Int: 10    God:    Trog [***...]
Gold:   501        SH:  0    Dex: 10    Spells: 11/11 levels left

rFire   + . .      SeeInvis +   F - +0 battleaxe
rCold   . . .      Faith    .   (shield currently unavailable)
rNeg    . . .      Spirit   .   L - +1 storm dragon scales
rPois   +          Reflect  .   E - +2 helmet {Int+3}
rElec   +          Harm     .   y - scarf {+Inv}
rCorr   .          Rampage  .   (no gloves)
Will    .....                   A - +0 barding
Stlth   ..........              C - amulet of regeneration
HPRegen 1.07/turn               J - ring of poison resistance
MPRegen 0.13/turn               s - ring of protection from fire

@: curled up
A: large, rugged brown scales 3, see invisible, deformed body, roll 1, armoured
tail, reflexive curl
a: Rolling Charge, Renounce Religion, Evoke Invisibility, Berserk, Trog's Hand


You were on level 3 of the Lair of Beasts.
You worshipped Trog.
Trog was most pleased with you.
You visited 2 branches of the dungeon, and saw 11 of its levels.
You also visited: Bailey.

You collected 605 gold pieces.
You spent 104 gold pieces at shops.

Inventory:

Hand Weapons
 a - a +0 hand axe
 D - a +3 demon whip of venom
 F - a +0 battleaxe (weapon)
Missiles
 i - 40 poisoned darts
 o - 4 javelins
 v - a silver javelin
 w - 4 throwing nets
 x - 6 boomerangs (quivered)
 T - a curare-tipped dart
Armour
 b - a +0 animal skin
 n - a +0 ring mail
 q - a +0 chain mail
 y - a scarf of invisibility (worn)
 z - a +0 plate armour
 A - a +0 barding (worn)
 E - a +2 helmet of intelligence (worn)
 L - +1 storm dragon scales (worn)
Jewellery
 d - an amulet of guardian spirit
 h - a ring of fire
 s - a ring of protection from fire (right hand)
 C - an amulet of regeneration (around neck)
 H - a ring of protection from fire
 J - a ring of poison resistance (left hand)
 Q - a ring of flight
Wands
 N - a wand of flame (7)
 P - a wand of iceblast (10)
 R - a wand of mindburst (7)
 S - a wand of charming (7)
Scrolls
 c - a scroll of holy word
 f - 3 scrolls of vulnerability
 g - 2 scrolls of torment
 p - 8 scrolls of teleportation
 r - a scroll of fear
 t - a scroll of blinking {unknown}
 K - a scroll of summoning {unknown}
 O - 2 scrolls of magic mapping
 U - a scroll of enchant armour {unknown}
Potions
 e - a potion of berserk rage
 j - a potion of haste
 k - 3 potions of heal wounds
 l - 6 potions of curing
 m - a potion of cancellation
 u - 2 potions of might
 B - a potion of lignification
 G - 3 potions of flight
 I - a potion of resistance
Miscellaneous
 M - a lightning rod (3/4)


   Skills:
 + Level 11.2 Fighting
 * Level 14.0 Axes
 * Level 7.6 Throwing
 + Level 7.4 Armour
 - Level 1.5 Dodging


You had 11 spell levels left.
You didn't know any spells.
Your spell library was empty.

Dungeon Overview and Level Annotations

Branches:
Dungeon (8/15)             Temple (0/1) D:6            Lair (3/6) D:8
  Snake (0/4) Lair:3       Bailey (visited)
  Swamp: Lair:2-4    Shoals: Lair:2-4

Altars:
Cheibriados
Fedhas
Kikubaaqudgha
Nemelex Xobeh
Okawaru
Sif Muna
Vehumet
Xom
Yredelemnul
Zin

Shops:
D:4 (

Annotations:
D:8 2 transporters, Grum


Innate Abilities, Weirdness & Mutations

You are completely covered in rugged brown scales. (AC +3, +7% HP)
You have supernaturally acute eyesight. (SInv)
Armour fits poorly on your strangely shaped body.
You can roll at nearby foes to attack.
You have a long armoured tail.
You curl defensively after being hit. (AC +7*)


Message History

Okay, then.
What are your orders? t - Shout!
Orders for allies: a - Attack new target. r - Retreat! s - Stop attacking. g - Guard the area. f - Follow me.
Anything else - Cancel.
Gang up on whom?
Press: ? - help, Dir - move target, f - eight-headed hydra
Aim: an eight-headed hydra (ally target) Attack!
You feel sick.
The eight-headed hydra bites you but does no damage. x2
The eight-headed hydra bites you! The eight-headed hydra bites you.
The eight-headed hydra bites you but does no damage.
The eight-headed hydra bites you.
The eight-headed hydra barely misses you.
The eight-headed hydra bites you.
The eight-headed hydra attacks as you move away!
The eight-headed hydra bites you but does no damage. x5
The eight-headed hydra bites you.
* * * LOW HITPOINT WARNING * * *
The eight-headed hydra bites you!
* * * LOW HITPOINT WARNING * * *
The eight-headed hydra bites you!
* * * LOW HITPOINT WARNING * * *
You feel sick.
You are no longer poisoned.
Your black bear bites the eight-headed hydra.
Your black bear claws the eight-headed hydra. x2
Your black bear bites the eight-headed hydra.
Your black bear claws the eight-headed hydra.
Your black bear barely misses the eight-headed hydra.
Read: 2 scrolls of fear
Press: ? - help, Q - select action, (/) - cycle Dir - look around, f - activate Look: an eight-headed hydra (moderately wounded, ally target, chance to affect: 79%)
As you read the scroll of fear, it crumbles to dust.
You assume a fearsome visage.
The eight-headed hydra easily resists.
The eight-headed hydra bites you!
You die...

............... ....#..# ##.#
...#.......P...# .>.♣...## ###.#
...P........P..# ........####....
............#..##.♣.#...........#
.P#P........#....##.#...........#
................................#
.††.......<......................
...............hD...†...........#
......†.........@...............#
................................#
................................#
#.P####..###..###.####P.##.#..###
#### #### ##.# ### ###.###.## ###
## ###


You could see an eight-headed hydra (ally target) and a friendly black bear
(summoned, berserk).

Vanquished Creatures
  3 death yaks (Lair:3)
  Amaemon (Lair:1)
  Pikel (D:8)
  A deep elf zephyrmancer (Bailey)
  An orc knight (Bailey)
  An oklob plant (Lair:2)
  11 elephants (Lair:3)
  2 black mambas (Lair:3)
  2 cane toads (Lair:2)
  An orange demon (Lair:1)
  2 rime drakes (Lair:1)
  5 komodo dragons
  A polar bear (Lair:3)
  10 blink frogs (Lair:1)
  21 yaks
  3 wyverns
  4 basilisks
  2 steam dragons (D:7)
  3 nagas (Lair:3)
  6 water moccasins
  An ice beast (D:8)
  9 orc warriors
  2 sky beasts (D:6)
  6 black bears
  2 phantoms
  3 wolves (Lair:1)
  A lemure (D:8)
  2 kobold brigands
  A gnoll sergeant (D:5)
  12 bullfrogs
  2 necrophages (D:6)
  2 scorpions
  7 wights
  4 killer bees (D:8)
  4 electric eels (D:6)
  2 jellies
  2 gnoll shamans
  A hound (D:5)
  6 orc priests
  4 iguanas
  8 orc wizards
  21 gnolls
  7 adders
  A shadow imp (D:6)
  3 ufetubi
  A worm (D:2)
  6 dart slugs
  35 orcs
  4 ball pythons
  7 bats
  6 endoplasms
  A giant cockroach (D:2)
  14 goblins
  9 hobgoblins
  2 jackals (D:3)
  2 quokkas (D:3)
  3 training dummies (D:4)
  2 frilled lizards (D:1)
  11 kobolds
  4 rats
301 creatures vanquished.

Vanquished Creatures (collateral kills)
  A two-headed ogre (D:8)
  A water moccasin (D:8)
2 creatures vanquished.

Vanquished Creatures (others)
  A wight (D:8)
  2 bushes (Lair:3)
  18 fungi
  46 plants
67 creatures vanquished.

Grand Total: 370 creatures vanquished

Notes
Turn   | Place    | Note
-------+----------+-------------------------------------------
     0 | D:1      | experimilk the Palentonga Berserker began the quest for the
                  | Orb.
     0 | D:1      | Reached XP level 1. HP: 19/19 MP: 1/1
   379 | D:1      | Reached XP level 2. HP: 20/25 MP: 2/2
   788 | D:1      | Reached skill level 4 in Axes
   838 | D:1      | Reached ** piety under Trog
  1100 | D:1      | Found a faded altar of an unknown god.
  1182 | D:1      | Reached XP level 3. HP: 28/31 MP: 3/3
  1818 | D:2      | Reached XP level 4. HP: 37/37 MP: 4/4
  1819 | D:2      | Reached skill level 5 in Axes
  2426 | D:3      | Reached XP level 5. HP: 27/43 MP: 5/5
  2734 | D:3      | Reached skill level 6 in Axes
  3642 | D:4      | Reached XP level 6. HP: 50/50 MP: 6/6
  4128 | D:4      | Reached skill level 1 in Throwing
  4128 | D:4      | Found a blossoming altar of Fedhas.
  5150 | D:4      | Found a radiant altar of Vehumet.
  5156 | D:4      | Gained mutation: You curl defensively after being hit. (AC
                  | +7*) [Palentonga growth]
  5156 | D:4      | Reached XP level 7. HP: 57/57 MP: 7/7
  5161 | D:4      | Found an ancient bone altar of Kikubaaqudgha.
  5170 | D:4      | Reached *** piety under Trog
  5206 | D:4      | Found a shimmering blue altar of Sif Muna.
  5305 | D:4      | Found Isysmaul's Firing Range.
  5341 | D:4      | Bought a throwing net for 30 gold pieces
  5341 | D:4      | Bought 6 boomerangs for 30 gold pieces
  5341 | D:4      | Bought 6 poisoned darts for 24 gold pieces
  5341 | D:4      | Bought 5 poisoned darts for 20 gold pieces
  5595 | D:5      | Entered Level 5 of the Dungeon
  5668 | D:5      | Reached skill level 7 in Axes
  5900 | D:5      | Noticed a wyvern
  5907 | D:5      | Killed a wyvern
  5908 | D:5      | Reached skill level 5 in Fighting
  6026 | D:5      | Found a shimmering altar of Xom.
  6040 | D:5      | Found a glowing silver altar of Zin.
  6040 | D:5      | Found a sparkling altar of Nemelex Xobeh.
  6690 | D:5      | Reached XP level 8. HP: 66/66 MP: 8/8
  6823 | D:5      | Found an iron altar of Okawaru.
  7077 | D:6      | Found a staircase to the Ecumenical Temple.
  7104 | D:6      | Found a snail-covered altar of Cheibriados.
  7429 | D:6      | Found a transporter.
  7453 | D:6      | Found a transporter.
  7571 | D:6      | Reached skill level 8 in Axes
  7885 | D:6      | Reached skill level 9 in Axes
  8476 | D:7      | Reached XP level 9. HP: 73/73 MP: 9/9
  9706 | D:7      | Reached **** piety under Trog
 10257 | D:8      | Found a staircase to the Lair.
 10307 | D:8      | Noticed a two-headed ogre
 10312 | D:8      | Killed a two-headed ogre
 10313 | D:8      | Reached skill level 10 in Axes
 10339 | D:8      | Found a flagged portal.
 10348 | Bailey   | Entered a bailey
 10810 | Bailey   | Reached XP level 10. HP: 68/85 MP: 6/10
 10945 | Bailey   | Noticed an orc knight
 10960 | Bailey   | HP: 2/127 [orc knight/+0 halberd (17)]
 10961 | Bailey   | Killed an orc knight
 11286 | Bailey   | Found a large runed translucent door.
 11286 | Bailey   | Found a large runed translucent door.
 11287 | Bailey   | Noticed a deep elf zephyrmancer
 11722 | Bailey   | Killed a deep elf zephyrmancer
 11751 | Bailey   | Identified the +0 pair of boots of Privacy {Rampage *Slow
                  | rN++ Stlth+}
 12281 | D:8      | Noticed Grum
 12299 | D:8      | Found a transporter.
 12305 | D:8      | Found a transporter.
 12308 | D:8      | Identified the +7 trident of Sall {vamp, rPois rF+ Str+4}
 12319 | D:8      | Reached skill level 11 in Axes
 12361 | D:8      | Noticed Pikel
 12367 | D:8      | Killed Pikel
 12382 | D:8      | Found a basalt altar of Yredelemnul.
 12448 | D:8      | Reached skill level 5 in Armour
 12612 | D:8      | Identified the ring of Liarph {Drain rPois rCorr Str+6
                  | Int+7}
 12765 | Lair:1   | Entered Level 1 of the Lair of Beasts
 12805 | Lair:1   | Reached skill level 5 in Throwing
 13256 | Lair:1   | Reached XP level 11. HP: 30/95 MP: 2/11
 13377 | Lair:1   | Reached skill level 12 in Axes
 14331 | Lair:1   | Noticed Amaemon
 14343 | Lair:1   | Killed Amaemon
 14477 | Lair:1   | Reached skill level 10 in Fighting
 15628 | Lair:2   | Reached XP level 12. HP: 103/103 MP: 12/12
 15774 | Lair:2   | Reached skill level 13 in Axes
 17066 | Lair:3   | Noticed a death yak
 17069 | Lair:3   | Noticed a death yak
 17072 | Lair:3   | Noticed a death yak
 17080 | Lair:3   | Killed a death yak
 17084 | Lair:3   | Killed a death yak
 17088 | Lair:3   | Killed a death yak
 17594 | Lair:3   | Found a staircase to the Snake Pit.
 18162 | Lair:3   | Noticed an eight-headed hydra
 18166 | Lair:3   | Reached skill level 14 in Axes
 18174 | Lair:3   | Slain by an eight-headed hydra

Illustrated notes

Levels and vault maps discovered:
D:1:      lightli_arrival_chessboard, layout_basic,
          hellmonk_ecumenical_altar_heavens_door, chequers_serial_rivers_large_b
D:2:      layout_basic
D:3:      layout_loops_corners, corexii_shack
D:4:      layout_layer_cave, palyth_temple_overflow_mages,
          mainiacjoe_overflow_boulevard, grunt_ministairs_9,
          nicolae_shop_firing_range
D:5:      layout_cave_pods, gammafunk_temple_overflow_forgotten,
          okawaru_gym_becter
D:6:      gammafunk_steamed_eel, layout_loops_ring,
          mainiacjoe_overflow_surrounded_room, minmay_temple_entry_wispy,
          grunt_tough_drop
D:7:      layout_basic
D:8:      layout_rooms, mainiacjoe_overflow_cross_hatched, lair_entry_dummy,
          gammafunk_ghost_gnarly_gnolls, enter_bailey_1, uniq_pikel, uniq_grum
Lair:1:   layout_long_grid, beast_lair_carwin_7, uniq_amaemon
Lair:2:   layout_cave_shapes
Lair:3:   layout_chaotic_city, shoals_dummy_entry, guppyfry_snake_entry_island,
          nicolae_lair_grazing_beasts [nicolae_sub_lair_graze_edge,
          nicolae_sub_lair_graze_edge, nicolae_sub_lair_graze_edge,
          nicolae_sub_lair_graze_edge], grunt_megastairs_2

Skill      XL: |  1  2  3  4  5  6  7  8  9 10 11 12 |
---------------+-------------------------------------+-----
Axes           | 4 5 6 7 9 10 11 12 14 | 14.0
Armour         | 2 3 4 5 6 7 |  7.4
Throwing       | 1 2 3 4 5 6 7 |  7.6
Fighting       | 4 5 6 8 9 10 11 | 11.2
Dodging        | |  1.5

Action                   |  1- 3 |  4- 6 |  7- 9 | 10-12 || total
-------------------------+-------+-------+-------+-------++-------
Melee: Hand axe          |    87 |   161 |   242 |       ||   490
       Tailslap          |     9 |    18 |    41 |    59 ||   127
       Punch             |     1 |     1 |     5 |       ||     7
       Battleaxe         |       |       |    51 |   387 ||   438
Throw: Dart              |       |    22 |    37 |   102 ||   161
       Javelin           |       |       |     7 |    10 ||    17
       Boomerang         |       |       |     1 |    52 ||    53
Invok: Berserk           |       |     3 |     9 |    11 ||    23
       Trog's Hand       |       |     3 |     3 |     9 ||    15
       Brothers in Arms  |       |       |     1 |     1 ||     2
 Abil: Rolling Charge    |     6 |    26 |    32 |    32 ||    96
Evoke: Lightning rod     |       |       |       |     5 ||     5
       Wand              |       |       |       |     5 ||     5
  Use: Scroll            |     1 |     5 |     5 |     7 ||    18
       Potion            |       |       |     5 |     3 ||     8
 Stab: Sleeping          |     1 |       |       |       ||     1
Armor: Animal skin       |    31 |       |       |       ||    31
       Ring mail         |       |    41 |   161 |    12 ||   214
       Storm dragon scal |       |       |       |   360 ||   360
Dodge: Dodged            |    46 |    74 |    97 |    93 ||   310

Table legend: (Time is in decaauts)
 A = Elapsed time spent in this place.
 B = Non-inter-level travel time spent in this place.
 C = Inter-level travel time spent in this place.
 D = Time resting spent in this place.
 E = Time spent auto-exploring this place.
 F = Levels seen in this place.
 G = Mean time per level.
                   A        B        C        D        E       F      G
               +--------+--------+--------+--------+--------+-----+--------+
         Total |  18398 |  17773 |    625 |   7477 |   4704 |  12 | 1533.2 |
       Dungeon |  11580 |  11020 |    560 |   3696 |   4039 |   8 | 1447.5 |
          Lair |   5115 |   5050 |     65 |   2503 |    665 |   3 | 1705.0 |
        Bailey |   1703 |   1703 |      0 |   1278 |      0 |   1 | 1703.0 |
               +--------+--------+--------+--------+--------+-----+--------+

Top non-repeatable levels by time:
  Lair:1: 2289 daAuts
     D:7: 1886 daAuts
     D:3: 1841 daAuts
     D:4: 1815 daAuts
  Bailey: 1703 daAuts
  Lair:2: 1616 daAuts
     D:6: 1594 daAuts
     D:5: 1430 daAuts
     D:1: 1386 daAuts
  Lair:3: 1209 daAuts
     D:8: 1005 daAuts
     D:2: 618 daAuts
